 Dungeon Crawl Stone Soup version 0.24-a0-201-gf205589 (webtiles) character file.

Game seed: 12754308073574612704

970 Borgoz the Covered (level 8, 0/53 HPs)
             Began as a Halfling Fighter on Mar 24, 2019.
             Slain by an ogre
             ... wielding a +0 giant spiked club
              (25 damage)
             ... on level 6 of the Dungeon.
             The game lasted 00:07:04 (2618 turns).

Borgoz the Covered (Halfling Fighter)               Turns: 2618, Time: 00:07:05

Health: 0/53       AC: 15    Str: 20    XL:     8   Next: 38%
Magic:  10/10      EV: 15    Int:  8    God:
Gold:   369        SH: 11    Dex: 14    Spells: 10/10 levels left

rFire    . . .     SeeInvis +   x - +0 short sword (protect)
rCold    . . .     Gourm    .   c - +1 shield
rNeg     . . .     Faith    .   b - +0 scale mail
rPois    .         Spirit   .   (no helmet)
rElec    .         Reflect  .   z - +0 cloak
rCorr    .         Harm     .   (no gloves)
MR       .....                  (no boots)
Stlth    +.........             (no amulet)
HPRegen  0.17/turn              j - ring of Free Will {EV+3 Str+3 SInv}
MPRegen  0.12/turn              (no ring)

@: protection aura
A: small, mutation resistance 1
a: no special abilities


You were on level 6 of the Dungeon.
You were hungry.

You visited 1 branch of the dungeon, and saw 6 of its levels.
You also visited: Ossuary.

You collected 369 gold pieces.

Inventory:

Hand Weapons
 a - a +0 rapier
 i - a +0 blowgun
 r - a +3 short sword of freezing
 x - a +0 short sword of protection (weapon)
Missiles
 n - 8 needles of paralysis
 o - a throwing net (quivered)
 q - 6 curare-tipped needles
Armour
 b - a +0 scale mail (worn)
 c - a +1 shield (worn)
 z - a +0 cloak (worn)
Jewellery
 j - the ring of Free Will (left hand) {EV+3 Str+3 SInv}
   (You found it on level 7 of the Dungeon)

   [ring of evasion]

   It affects your evasion (+3).
   It affects your strength (+3).
   It lets you see invisible.
Scrolls
 e - 2 scrolls of fog
 l - a scroll of enchant weapon
 m - a scroll of teleportation
 p - 2 scrolls of enchant armour
 s - a scroll of identify
 u - a scroll of fear
 v - 2 scrolls of remove curse
Potions
 d - 3 potions of might
 g - 2 potions of flight
 h - 2 potions of degeneration {unknown}
 k - 2 potions of agility
 t - a potion of lignification {unknown}
 w - a potion of mutation
 A - 2 potions of haste {unknown}
 B - a potion of heal wounds {unknown}
 C - a potion of brilliance
 D - a potion of ambrosia {unknown}
Comestibles
 f - 5 rations


   Skills:
 + Level 3.6 Fighting
 * Level 5.1 Short Blades
 + Level 2.6 Throwing
 * Level 5.3 Armour
 * Level 3.9 Dodging
 + Level 2.8 Stealth
 + Level 4.5 Shields
 + Level 1.8 Spellcasting


You had 10 spell levels left.
You didn't know any spells.
Your spell library was empty.

Dungeon Overview and Level Annotations

Branches:
Dungeon (7/15)
 Temple: D:4-7

Altars:
Cheibriados
Fedhas
Sif Muna

Annotations:
D:3 exclusion: oklob plant


Innate Abilities, Weirdness & Mutations

You are small and have problems with some larger weapons.
You are somewhat resistant to further mutation.


Message History

Your shield prevents you from hitting the orc.
The orc is lightly wounded.
You block the orc's attack.
You hit the orc but do no damage.
The orc is lightly wounded.
The orc closely misses you.
Your shield prevents you from hitting the orc.
The orc is lightly wounded.
The ogre hits you with a +0 giant spiked club!
You block the orc's attack.
You hit the ogre.
The ogre is moderately wounded.
You block the ogre's attack. The orc barely misses you.
You hit the ogre.
The ogre is moderately wounded.
You puncture the ogre!
The ogre is heavily wounded.
The orc hits you but does no damage.
The ogre hits you with a +0 giant spiked club!!
You die...

#.. .#..# .. ...
#....##... ...
#........# ...###..
.....
##.#...##....#
#.#......#...#
......Oo.....#
#@.#...#.#
##.>.....##
#...##....## #...#
#.... ...##
#...#### .#..#
#.....#
.....########..#.##
##
#........###..)..
..........##..#..


You could see an ogre and an orc.

Vanquished Creatures
  The ghost of Yixers the Sneak, an amateur SpAs of Dithmenos (D:3)
  A hungry ghost (D:7)
  A centaur (D:6)
  2 bullfrogs
  2 scorpions
  A howler monkey (D:6)
  An orc priest (D:3)
  A hound (D:6)
  2 orc wizards
  A killer bee zombie (D:6)
  8 mummies (Ossuary)
  An ooze (D:2)
  5 dart slugs
  7 orcs
  3 ball pythons
  2 bats (D:2)
  7 giant cockroaches
  9 goblins
  13 hobgoblins
  5 jackals
  A quokka (D:2)
  A frilled lizard (D:2)
  2 gnoll zombies (Ossuary)
  11 kobolds
  4 kobold zombies (Ossuary)
  2 orc zombies (Ossuary)
  7 rats
101 creatures vanquished.

Notes
Turn   | Place    | Note
-------+----------+-------------------------------------------
     0 | D:1      | Borgoz the Halfling Fighter began the quest for the Orb.
     0 | D:1      | Reached XP level 1. HP: 15/15 MP: 1/1
   177 | D:1      | Reached XP level 2. HP: 20/20 MP: 2/2
   359 | D:1      | Reached XP level 3. HP: 21/25 MP: 3/3
   788 | D:2      | Reached skill level 1 in Dodging
   926 | D:2      | Reached XP level 4. HP: 26/30 MP: 4/4
  1287 | D:2      | Reached skill level 1 in Throwing
  1507 | D:3      | Found a blossoming altar of Fedhas.
  1524 | D:3      | Noticed an oklob plant
  1736 | D:3      | Found a deep blue altar of Sif Muna.
  1749 | D:3      | Reached skill level 1 in Stealth
  1749 | D:3      | Reached XP level 5. HP: 21/36 MP: 6/6
  1769 | D:3      | Found a runed translucent gate.
  1771 | D:3      | Found a runed translucent gate.
  1771 | D:3      | Noticed Yixers's ghost (amateur SpAs)
  1774 | D:3      | Found a runed translucent gate.
  1786 | D:3      | Killed Yixers's ghost
  1786 | D:3      | Reached skill level 1 in Spellcasting
  1786 | D:3      | Reached XP level 6. HP: 29/42 MP: 7/7
  2083 | D:4      | You fall through a shaft for 3 floors!
  2087 | D:7      | Noticed a hungry ghost
  2106 | D:6      | Reached XP level 7. HP: 16/46 MP: 8/8
  2224 | D:7      | Killed a hungry ghost
  2224 | D:7      | Reached skill level 5 in Armour
  2224 | D:7      | Reached XP level 8. HP: 15/52 MP: 10/10
  2245 | D:7      | Found a snail-covered altar of Cheibriados.
  2256 | D:7      | Got an ancient amber ring
  2277 | D:7      | Found a sand-covered staircase.
  2284 | Ossuary  | Entered an ossuary
  2288 | Ossuary  | Identified the ring of Free Will {EV+3 Str+3 SInv} (You
                  | found it on level 7 of the Dungeon)
  2603 | D:6      | Reached skill level 5 in Short Blades
  2618 | D:6      | Slain by an ogre

Levels and vault maps discovered:
D:1:      lightli_arrival_isolated_outpost, layout_loops_ring
D:2:      cheibrodos_greedy_goblins, layout_basic
D:3:      layout_loops_ring, old_standard_altar, gammafunk_ghost_split,
          first_ration, minmay_strange_pillars, st_stairs_4,
          minmay_misc_feat_tiny, tgw_fedhas
D:4:      kennysheep_big_flooded_room, layout_loops_ring, kennysheep_mini,
          uniq_sigmund
D:6:      layout_rooms, grunt_temple_overflow_forces_of_nature,
          gup_sewer_entry_bowl, minmay_misc_feat_chi
D:7:      layout_rooms, kennysheep_mini_moat, chequers_ossuary_entry_cave,
          serial_shops, shop, serial_glass, glass_columns_a, glass_columns_a,
          glass_columns_c, glass_columns_b, glass_columns_a,
          okawaru_altar_gauntlet_db
Ossuary:  ossuary_tomb_3

Skill      XL: |  1  2  3  4  5  6  7  8 |
---------------+-------------------------+-----
Dodging        | 1 2 3 |  3.9
Short Blades   | 3 4 5 |  5.1
Throwing       | 1 2 |  2.6
Fighting       | 3 |  3.6
Stealth        | 1 2 |  2.8
Armour         | 4 5 |  5.3
Spellcasting   | 1 |  1.8
Shields        | 4 |  4.5

Action                   |  1- 3 |  4- 6 |  7- 9 || total
-------------------------+-------+-------+-------++-------
Melee: Rapier            |    65 |       |       ||    65
       Short sword       |    47 |   110 |   190 ||   347
  Use: Scroll            |       |    16 |     2 ||    18
       Potion            |       |     1 |     6 ||     7
  Eat: Chunk             |       |     4 |     6 ||    10
Armor: Scale mail        |    38 |    33 |    54 ||   125
Dodge: Dodged            |    31 |    30 |    99 ||   160
Block: Shield            |    51 |    65 |   119 ||   235

Table legend:
 A = Non-vault XP
 B = Vault XP
 C = Vault XP percentage of total XP
 D = Non-vault monster count
 E = Vault monster count
 F = Vault count percentage of total count
                 A         B        C        D         E       F
            +---------+---------+-------+---------+---------+-------
      Total |     985 |     401 |  28.9 |      67 |      34 |  33.7
            +---------+---------+-------+---------+---------+-------
        D:1 |      43 |       0 |   0.0 |      22 |       0 |   0.0
        D:2 |      36 |      21 |  36.8 |      17 |      11 |  39.3
        D:3 |      67 |     227 |  77.2 |      12 |       7 |  36.8
        D:4 |      67 |       0 |   0.0 |       3 |       0 |   0.0
        D:6 |     447 |       0 |   0.0 |       7 |       0 |   0.0
        D:7 |     325 |       0 |   0.0 |       6 |       0 |   0.0
    Ossuary |       0 |     153 | 100.0 |       0 |      16 | 100.0
            +---------+---------+-------+---------+---------+-------
